AoeStats
← yaximi

Black Forest

507731494Analyzed
4v4 RM · 12d ago on Sep 19, 2026· 51m 42s· 8 players
Game mode
Random Map
Map size
Large (8 player)
Population
200
Speed
Normal
Resources
Standard
Victory
Conquest
Starting age
Dark Age
Ending age
Imperial Age
RankedLock teamsTeams togetherTeam positionsShared explorationLock speedFull tech treeHidden civsTurbo modeCheats
Victory
Defeat
🇭🇰 Mongols · Hong Kong SAR China
1670
+9
🇨🇳 Persians · China
1617
+11
🇨🇳 Japanese · China
1573
+12
🇨🇳 Italians · China
1486
+16
🇩🇪 Malay · Germany
1536
-14
🇹🇷 Persians · Türkiye
1487
-12
🇲🇽 Portuguese · Mexico
1475
-11
🇹🇷 Bohemians · Türkiye
1470
-11
klostrofobikköstebek
10:37 Feudal Age
14:15 Castle Age
12:21 Double-Bit Axe
12:20 Horse Collar
15:46 Heavy Plow
17:10 Wheelbarrow
17:06 Loom
21:03 Bow Saw
23:01 Hand Cart
27:55 Imperial Age
25:50 Gold Mining
25:50 Stone Mining
27:07 Gold Shaft Mining
27:08 Stone Shaft Mining
26:40 Scale Barding Armor
26:46 Forging
27:48 Chain Barding Armor
28:33 Iron Casting
29:01 Crop Rotation
29:32 Two-Man Saw
29:35 Chemistry
28:56 Ballistics
30:00 Plate Barding Armor
29:57 Conscription
29:42 Caravan
29:40 Elite War Elephant
31:52 Blast Furnace
33:07 Coinage
32:51 Devotion
35:17 Husbandry
35:36 Bloodlines
37:10 Heavy Camel Rider
43:48 Padded Archer Armor
43:39 Fletching
44:03 Kamandaran
43:34 Crossbowman
45:20 Thumb Ring
49:45 Leather Archer Armor
49:25 Bodkin Arrow
samthebase
5:22 Loom
11:21 Feudal Age
16:29 Castle Age
14:50 Double-Bit Axe
16:49 Bow Saw
19:38 Horse Collar
22:49 Wheelbarrow
23:40 Stone Mining
23:41 Gold Mining
23:46 Stone Mining
28:32 Imperial Age
26:37 Husbandry
28:03 Hand Cart
29:35 Chemistry
29:22 Conscription
29:42 Scale Barding Armor
31:09 Elite Battle Elephant
33:09 Forging
34:03 Siege Engineers
34:57 Iron Casting
40:33 Gold Shaft Mining
40:33 Treadmill Crane
waLLefps.
11:04 Feudal Age
15:44 Castle Age
14:12 Double-Bit Axe
14:33 Horse Collar
16:44 Bow Saw
17:26 Heavy Plow
21:56 Fervor
23:10 Wheelbarrow
22:22 Loom
23:53 Sanctity
24:31 Hand Cart
24:03 Town Watch
27:15 Chemistry
29:17 Imperial Age
26:57 Fletching
27:08 Padded Archer Armor
28:51 Wagenburg Tactics
28:45 Bodkin Arrow
29:05 Leather Archer Armor
28:50 Elite Skirmisher
30:51 Coinage
30:26 Caravan
30:14 Houfnice
31:02 Siege Engineers
32:38 Ballistics
33:40 Ring Archer Armor
33:11 Bracer
34:23 Two-Man Saw
34:13 Conscription
Kanon
0:43 Loom
12:02 Feudal Age
16:20 Castle Age
14:48 Double-Bit Axe
16:19 Wheelbarrow
17:25 Horse Collar
26:53 Bloodlines
28:12 Husbandry
29:06 Light Cavalry
34:06 Scale Barding Armor
39:37 Imperial Age
yaximi
9:51 Feudal Age
10:22 Double-Bit Axe
13:31 Castle Age
11:39 Horse Collar
22:03 Wheelbarrow
23:29 Hand Cart
28:06 Imperial Age
25:33 Gold Mining
25:55 Stone Mining
25:58 Fletching
26:51 Bow Saw
27:32 Gold Shaft Mining
27:40 Stone Shaft Mining
27:14 Bodkin Arrow
29:22 Conscription
28:42 Onager
29:56 Elite Mangudai
31:08 Parthian Tactics
31:18 Loom
31:34 Bracer
31:52 Thumb Ring
32:11 Ballistics
33:32 Chemistry
32:35 Padded Archer Armor
32:47 Bloodlines
32:37 Husbandry
33:05 Fortified Wall
32:47 Town Watch
33:37 Leather Archer Armor
34:21 Siege Onager
36:54 Caravan
37:03 Siege Engineers
36:52 Capped Ram
38:38 Masonry
39:23 Siege Ram
42:43 Drill
44:04 Murder Holes
blurr
9:39 Feudal Age
13:20 Castle Age
11:12 Double-Bit Axe
15:23 Bow Saw
16:14 Loom
19:34 Horse Collar
21:42 Wheelbarrow
20:53 Town Watch
22:24 Gold Mining
25:40 Hand Cart
26:37 Stone Mining
29:34 Imperial Age
27:00 Fletching
27:10 Padded Archer Armor
28:05 Stone Shaft Mining
27:39 Bodkin Arrow
28:56 Leather Archer Armor
29:39 Ballistics
29:45 Heavy Plow
30:26 Bracer
30:57 Ring Archer Armor
31:39 Chemistry
32:02 Two-Man Saw
31:34 Crop Rotation
31:57 Scale Barding Armor
31:16 Elite Genoese Crossbowman
32:29 Treadmill Crane
33:38 Conscription
33:08 Crossbowman
33:53 Thumb Ring
35:52 Coinage
35:35 Masonry
35:46 Bombard Tower
34:56 Elite Skirmisher
36:31 Bloodlines
36:21 Husbandry
35:42 Light Cavalry
39:00 Silk Road
39:00 Forging
39:12 Chain Barding Armor
41:49 Plate Barding Armor
41:49 Iron Casting
42:22 Hussar
45:05 Blast Furnace
45:31 Banking
47:35 Cavalier
50:26 Pirotechnia
Allen
4:58 Loom
12:57 Feudal Age
16:45 Castle Age
14:34 Double-Bit Axe
14:43 Horse Collar
23:17 Gold Mining
24:51 Gold Shaft Mining
25:28 Bow Saw
28:49 Imperial Age
26:59 Wheelbarrow
26:41 Scale Barding Armor
27:43 Chain Barding Armor
28:33 Bloodlines
28:25 Husbandry
28:41 Forging
28:50 Heavy Plow
29:14 Hand Cart
29:49 Plate Barding Armor
28:37 Cavalier
30:16 Savar
31:48 Iron Casting
33:32 Blast Furnace
34:36 Caravan
34:46 Guilds
40:01 Two-Man Saw
48:06 Conscription
yyx
11:39 Feudal Age
12:29 Town Watch
15:31 Castle Age
13:58 Double-Bit Axe
14:17 Horse Collar
16:36 Bow Saw
18:08 Loom
27:06 Wheelbarrow
30:30 Imperial Age
29:14 Scale Mail Armor
29:24 Forging
29:30 Hand Cart
29:36 Pikeman
30:17 Squires
30:34 Halberdier
31:44 Conscription
32:16 Guard Tower
32:48 Ballistics
32:22 Capped Ram
34:31 Yasama
37:19 Chain Mail Armor
37:40 Iron Casting
37:25 Arrowslits
38:41 Chemistry
39:02 Kataparuto
40:00 Heavy Plow
41:01 Two-Man Saw
42:22 Plate Mail Armor
42:52 Blast Furnace
43:19 Keep
42:51 Siege Engineers
44:59 Coinage
45:03 Caravan
46:25 Fletching
46:35 Padded Archer Armor
46:48 Masonry
46:19 Treadmill Crane
47:17 Bodkin Arrow
47:21 Murder Holes
49:18 Banking
49:37 Bracer
51:54 Leather Archer Armor
Connection lost

Rejoining the realm…

Still unreachable

The connection could not be restored.

Session expired

The server has moved on; the page needs a fresh start.